 Dungeon Crawl Stone Soup version 0.25-a0-353-ged6d54792d (webtiles) character file.

Game seed: 7373880548893989995, levelgen mode: classic

35 Borgoz the Cudgeler (level 3, 0/22 HPs)
             Began as a Gargoyle Gladiator on Jan 2, 2020.
             Slain by a worm (5 damage)
             ... on level 2 of the Dungeon.
             The game lasted 00:01:05 (829 turns).

Borgoz the Cudgeler (Gargoyle Gladiator)             Turns: 829, Time: 00:01:06

Health: 0/22       AC:  9    Str: 18    XL:     3   Next: 35%
Magic:  3/3        EV: 11    Int:  8    God:
Gold:   31         SH:  0    Dex: 11    Spells: 2/2 levels left

rFire    . . .     SeeInvis .   a - +0 flail
rCold    . . .     Gourm    .   (no shield)
rNeg     + . .     Faith    .   l - +0 ring mail
rPois    ∞         Spirit   .   c - +0 helmet
rElec    +         Reflect  .   (no cloak)
rCorr    .         Harm     .   (no gloves)
MR       .....                  (no boots)
Stlth    +.........             (no amulet)
HPRegen  0.07/turn              (no ring)
MPRegen  0.08/turn              (no ring)

@: no status effects
A: negative energy resistance 1, electricity resistance, unbreathing,
petrification resistance, rot immunity, AC +3
a: no special abilities


You were on level 2 of the Dungeon.
You were not hungry.

You visited 1 branch of the dungeon, and saw 2 of its levels.

You collected 31 gold pieces.

Inventory:

Hand Weapons
 a - a +0 flail (weapon)
Missiles
 d - 3 throwing nets (quivered)
Armour
 c - a +0 helmet (worn)
 l - a +0 ring mail (worn)
Scrolls
 g - a scroll of blinking {unknown}
 h - 3 scrolls of identify {unknown}
 j - a scroll of magic mapping {unknown}
 k - a scroll of remove curse {unknown}
Potions
 e - a potion of curing {unknown}
Comestibles
 f - 2 rations
 i - 5 chunks of flesh


   Skills:
 + Level 2.7 Fighting
 * Level 3.5 Maces & Flails
 - Level 1.7 Throwing
 + Level 1.3 Armour
 - Level 2.5 Dodging


You had 2 spell levels left.
You didn't know any spells.
Your spell library was empty.

Dungeon Overview and Level Annotations

Branches:
Dungeon (2/15)

Altars:


Innate Abilities, Weirdness & Mutations

You are resistant to torment.
Your stone body is resilient. (AC +3)
You are immune to poison.
You resist negative energy. (rN+)
You are resistant to electric shocks. (rElec)
You can survive without breathing.
You are immune to petrification.
You are immune to rotting.


Message History

Things that are here:
a +0 club; a hobgoblin corpse You butcher the hobgoblin corpse.
Things that are here:
a +0 club; 3 chunks of flesh; a hobgoblin skeleton You are too injured to fight recklessly!
You are too injured to fight recklessly!
You thump the worm!
The worm is heavily wounded.
You hit the worm.
The worm is severely wounded.
The worm bites you.
* * * LOW HITPOINT WARNING * * *
You barely miss the worm.
The worm is severely wounded.
The worm bites you but does no damage.
You barely miss the worm.
The worm is heavily wounded.
The worm bites you.
You die...

#.##..### #.
.##.#.#.#.## #.
...........# #.
######.#.#.#.## #.
#..........<..# # #.
#.####.#.#÷#.## #.####.
#.# #.)......#
......w##.####.#.#.#.##
#......@........#.####
#####..)........#.#
##.##.#######.# ... #.#
#.# +.### #.. ..# #
#### ###


You could see a worm.

Vanquished Creatures
  An adder (D:2)
  A dart slug (D:1)
  2 leopard geckos (D:1)
  2 bats (D:1)
  4 giant cockroaches
  A hobgoblin (D:2)
  2 jackals (D:1)
  4 kobolds (D:1)
  A frilled lizard (D:1)
  A goblin (D:2)
  2 rats
21 creatures vanquished.

Notes
Turn   | Place    | Note
-------+----------+-------------------------------------------
     0 | D:1      | Borgoz the Gargoyle Gladiator began the quest for the Orb.
     0 | D:1      | Reached XP level 1. HP: 12/12 MP: 1/1
   112 | D:1      | Reached XP level 2. HP: 18/18 MP: 2/2
   434 | D:1      | Reached skill level 1 in Armour
   765 | D:2      | Reached XP level 3. HP: 22/22 MP: 3/3
   829 | D:2      | Slain by a worm

Levels and vault maps discovered:
D:1:      lightli_arrival_flooded_house, layout_basic
D:2:      layout_loops_ring, first_ration, st_stairs_8,
          chequers_serial_rivers_room_b

Skill      XL: |  1  2 |
---------------+-------+-----
Armour         | 1 |  1.3
Fighting       | |  2.7
Maces & Flails | |  3.5
Throwing       | |  1.7
Dodging        | |  2.5

Action                   || total
-------------------------++-------
Melee: Flail             ||    98
Armor: Leather armour    ||    34
       Ring mail         ||    21
Dodge: Dodged            ||    69

Table legend:
 A = Non-vault XP
 B = Vault XP
 C = Vault XP percentage of total XP
 D = Non-vault monster count
 E = Vault monster count
 F = Vault count percentage of total count
                 A         B        C        D         E       F
            +---------+---------+-------+---------+---------+-------
      Total |      49 |       2 |   3.9 |      20 |       1 |   4.8
            +---------+---------+-------+---------+---------+-------
        D:1 |      32 |       0 |   0.0 |      16 |       0 |   0.0
        D:2 |      17 |       2 |  10.5 |       4 |       1 |  20.0
            +---------+---------+-------+---------+---------+-------
